 Dungeon Crawl Stone Soup version 0.21.1-1-g345015f (webtiles) character file.

2 Monsterracer the Vexing (level 1, 0/7 HPs)
             Began as a Felid Enchanter on Feb 6, 2018.
             Slain by a kobold
             ... wielding a +0 club
              (7 damage)
             ... on level 1 of the Dungeon.
             The game lasted 00:00:28 (54 turns).

Monsterracer the Vexing (Felid Enchanter)             Turns: 54, Time: 00:00:29

Health: 0/7        AC:  1    Str:  4    XL:     1   Next: 25%
Magic:  3/4        EV: 18    Int: 16    God:
Gold:   15         SH:  0    Dex: 16    Spells: 3/4 levels left
                                        Lives:  0   Deaths: 0

rFire    . . .     SeeInvis +     - Unarmed
rCold    . . .     Gourm    .   (shield unavailable)
rNeg     . . .     Faith    .   (armour unavailable)
rPois    .         Spirit   .   (helmet unavailable)
rElec    .         Reflect  .   (cloak unavailable)
rCorr    .         Harm     .   (gloves unavailable)
MR       .....                  (boots unavailable)
Stlth    +++.......             (no amulet)
HPRegen  0.02/turn              (no ring)
MPRegen  0.09/turn              (no ring)

@: quick
A: very small, no armour, no weapons or thrown items, stealth, claws 1, fangs 3,
see invisible, carnivore, speed 1, shaggy fur 1, slow metabolism 1, sharp paws
a: no special abilities


You were on level 1 of the Dungeon.
You were not hungry.

You visited 1 branch of the dungeon, and saw 1 of its levels.

You collected 15 gold pieces.

Inventory:

Jewellery
 d - a +6 ring of strength {unknown}
Scrolls
 b - a scroll of teleportation {unknown}
Books
 a - a book of Maledictions

   Spells                             Type                      Level
   a - Corona                         Hexes                        1
   b - Ensorcelled Hibernation        Hexes/Ice                    2
   c - Confuse                        Hexes                        3
   d - Tukima's Dance                 Hexes                        3
   e - Dazzling Spray                 Conjuration/Hexes            3
Comestibles
 c - a ration


   Skills:
 - Level 2.6 Dodging
 + Level 4.1 Stealth
 + Level 1.1 Unarmed Combat
 - Level 2.0 Spellcasting
 - Level 4.4 Hexes


You had 3 spell levels left.
You knew the following spells:

 Your Spells              Type           Power        Failure   Level  Hunger
a - Corona                Hex            ###....      3%          1    #......


Dungeon Overview and Level Annotations

Branches:
Dungeon (1/15)

Altars:


Innate Abilities, Weirdness & Mutations

You cannot wear armour.
You are incapable of wielding weapons or throwing items.
Your paws allow you to move quietly. (Stealth)
You have sharp claws.
You have razor-sharp teeth.
You have supernaturally acute eyesight. (SInv)
You are carnivorous and can eat meat at any time.
You cover ground quickly.
You are covered in fur. (AC +1)
You have a slow metabolism.
Your sharp claws are effective at attacking unaware monsters.


Message History

c - a ration Welcome, Monsterracer the Felid Enchanter.
Will you be the one to retrieve the fabulous Orb of Zot from the depths?
Press ? for a list of commands and other information.
Found a staircase leading out of the dungeon.
You open the door.
There is an open door here.
b - a scroll labeled OMNURI TECRIY You see here a scale mail.
A goblin comes into view.
The helpless goblin fails to defend itself.
You claw the goblin!
You kill the goblin!
A rat comes into view.
A rat is nearby!
Found 25 stones.
Found a stone staircase leading down.
The helpless rat fails to defend itself.
You claw the rat!
You kill the rat!
No target in view!
d - an ivory ring You now have 15 gold pieces.
A kobold comes into view. It is wielding a club.
Found a viscous green potion.
A jackal comes into view.
A jackal comes into view.
Found 13 poisoned needles.
The jackal barks!
The kobold closely misses you.
The jackal barks!
You scratch the kobold but do no damage.
You bite the kobold, but do no damage. The kobold closely misses you.
A jackal comes into view.
Found a large shield.
You scratch the kobold but do no damage.
Your bite misses the kobold.
The jackal barks!
You scratch the kobold but do no damage.
The kobold closely misses you.
Casting: Corona
Confirm with . or Enter, or press ? or * to list all spells.
Aiming: Corona
Press: ? - help, Shift-Dir - straight line, f - kobold
Aim: a kobold, wielding a club (chance to defeat MR: 69%)
The kobold is outlined in light.
The kobold hits you with a club!
Ouch! That really hurt!
You die...

###### ######## .....##
#...... ......## #[....#
.......# #@#
.......#########K#####
...............hhh...###
.................!..h.(.
.......########...####.#
......## ###..# .....##
#.... ###### ##... ...#


You could see 3 jackals and a kobold.

Vanquished Creatures
  A goblin (D:1)
  A rat (D:1)
2 creatures vanquished.

Notes
Turn   | Place    | Note
-------+----------+-------------------------------------------
     0 | D:1      | Monsterracer the Felid Enchanter began the quest for the Orb.
     0 | D:1      | Reached XP level 1. HP: 7/7 MP: 4/4
    54 | D:1      | Slain by a kobold

Action                   || total
-------------------------++-------
Melee: Unarmed           ||     5
       Bite              ||     1
 Cast: Corona            ||     1
 Stab: Sleeping          ||     2
Dodge: Dodged            ||     3

Vault maps used:
D:1:      dpeg_arrival_erosion
